 Dungeon Crawl Stone Soup version 0.21.1-1-g345015f (webtiles) character file.

178318 grindst0ne the Severer (level 18, 0/219 HPs)
             Began as a Formicid Fighter on Feb 24, 2018.
             Was an Elder of the Shining One.
             Succumbed to a naga ritualist's splash of poison
             ... on level 3 of the Snake Pit.
             The game lasted 01:11:54 (35809 turns).

grindst0ne the Severer (Formicid Fighter)          Turns: 35809, Time: 01:11:54

Health: 0/219      AC: 32    Str: 26    XL:     18   Next: 87%
Magic:  16/28      EV:  2    Int: 15    God:    the Shining One [****..]
Gold:   234        SH: 32    Dex: 10    Spells: 17/17 levels left

rFire    . . .     SeeInvis .   S - +9 executioner's axe (protect)
rCold    . . .     Gourm    +   h - +0 large shield
rNeg     + + +     Faith    .   (armour currently unavailable)
rPois    +         Spirit   .   (helmet unavailable)
rElec    .         Reflect  .   (cloak currently unavailable)
rCorr    +         Harm     .   (gloves currently unavailable)
MR       +....                  (boots currently unavailable)
Stlth    +.........             t - amulet of the gourmand
HPRegen  0.46/turn              A - ring of resist corrosion
MPRegen  0.21/turn              J - +3 ring of protection

@: lethally poisoned (0 -> -3), divine shield, tree-form, glowing
A: permanent stasis, dig shafts and tunnels, four strong arms, mutation
resistance 1, strong 2
a: Divine Shield, Cleansing Flame, Renounce Religion


You were on level 3 of the Snake Pit.
You worshipped the Shining One.
The Shining One was greatly pleased with you.
You were not hungry.
You were a tree.
You visited 5 branches of the dungeon, and saw 28 of its levels.
You visited the Abyss 1 time.
You also visited: Volcano.

You collected 2794 gold pieces.
You spent 2560 gold pieces at shops.

Inventory:

Hand Weapons
 S - a +9 executioner's axe of protection (weapon)
Missiles
 D - 4 throwing nets (quivered)
Armour
 h - a +0 large shield (worn)
 k - a +4 plate armour of fire resistance (melded)
 m - a +1 pair of gloves (melded)
 v - a +0 pair of boots (melded)
 I - a scarf of resistance (melded)
Jewellery
 q - an uncursed ring of fire
 s - a +2 ring of strength
 t - an amulet of the gourmand (around neck)
 u - an uncursed ring of wizardry
 x - an uncursed ring of wizardry
 A - a ring of resist corrosion (left branch)
 B - a +5 ring of intelligence
 J - a +3 ring of protection (right branch)
 O - an uncursed ring of protection from cold
 R - an uncursed ring of magical power
 U - a +4 ring of strength
Wands
 d - a wand of iceblast (33)
 r - a wand of flame (79)
 E - a wand of paralysis (35)
 F - a wand of enslavement (34)
 N - a wand of polymorph (29)
Scrolls
 a - 2 scrolls of identify
 b - 3 scrolls of enchant weapon
 e - 11 scrolls of remove curse
 g - 6 scrolls of enchant armour
 i - 7 scrolls of fog
 o - 6 scrolls of amnesia
 y - a scroll of magic mapping
Potions
 l - 6 potions of lignification
 M - 3 potions of might
Miscellaneous
 n - a lamp of fire
Comestibles
 f - 54 rations


   Skills:
 - Level 14.0 Fighting
 + Level 17.6 Axes
 + Level 15.0 Armour
 + Level 6.7 Dodging
 - Level 15.0 Shields
 - Level 13.7 Invocations
 - Level 6.0 Evocations


You had 17 spell levels left.
You didn't know any spells.

Dungeon Overview and Level Annotations

Branches:
Dungeon (15/15)            Temple (1/1) D:7            Lair (6/6) D:8
 Shoals (0/4) Lair:3        Snake (4/4) Lair:2        Slime (0/5) Lair:6
    Orc (2/2) D:11            Elf (0/3) Orc:2        Vaults (0/5) D:14
 Depths (0/5) D:15

Altars:
Ashenzari
Cheibriados
Dithmenos
Elyvilon
Fedhas
Gozag
Hepliaklqana
Kikubaaqudgha
Makhleb
Nemelex Xobeh
Okawaru
Qazlal
Ru
Sif Muna
Trog
Uskayaw
Vehumet
Wu Jian
Xom
Yredelemnul
Zin
The Shining One
Beogh

Shops:
D:9 (   D:11 *   D:15 !   Orc:2 *?*[


Innate Abilities, Weirdness & Mutations

You cannot be hasted, slowed, berserked, paralysed or teleported.
You can dig through walls and to a lower floor.
Your four strong arms can wield two-handed weapons with a shield.
((You have a pair of large antennae on your head. (SInv)))
((You have a beak for a mouth.))
((You are partially covered in thin metallic scales. (AC +2)))
You are somewhat resistant to further mutation.
((Your system is resistant to poisons. (rPois)))
Your muscles are very strong. (Str +4)


Message History

* * * LOW HITPOINT WARNING * * *
You feel sick.
Okay, then.
You feel extremely strange.
Your skeletal structure returns to normal.
You feel more energetic.
You feel stronger.
Thin metallic scales grow over part of your body.
You feel genetically stable.
You feel stronger.
* * * LOW HITPOINT WARNING * * *
You feel sick.
* * * LOW HITPOINT WARNING * * *
You feel sick. The Shining One protects you from harm!
* * * LOW HITPOINT WARNING * * *
You feel sick.
Your shield is strengthened by the Shining One's divine power.
You feel slightly more hungry.
* * * LOW HITPOINT WARNING * * *
You feel sick.
You die...

#.#.....#....#.#.....#.#.....##.#
###.#...#..#.#.#....##.....###..#
.#..########...######......#.[..#
.#......#....####...#####.##(...#
.#.....##...##..###....#....?...#
.#...>......#..........#........#
.#####.#...##..####.....[.()....#
##...###......##..###..###......#
.......#.###..#(♣.....###)#######
#......###.####.....#.# ##(#
#.....###...#.......### ###
#.....# ##..####......# #|.####
##....#......# #.## #....#.....##
...## #.)..#....## ....#
####....#.>..#
....####..###.####..#


There were no monsters in sight!

Vanquished Creatures
  Rupert (D:13)
  A tentacled starspawn (D:15)
  An Executioner (Abyss:2)
  Frances (D:15)
  Kirke (Lair:5)
  Gastronok (Lair:3)
  6 nagarajas
  Louise (D:15)
  2 orc warlords (Orc:2)
  A balrug (Abyss:2)
  Aizul (Snake:1)
  The ghost of ItsShiny the Spry, a journeyman MiBe of Trog (D:15)
  Josephine (Lair:5)
  A rakshasa (D:13)
  3 catoblepae
  6 naga warriors
  2 ice dragons (D:15)
  6 hydras
  6 anacondas
  2 death knights
  2 centaur warriors (D:15)
  Erica (D:9)
  2 dancing weapons (D:14)
  3 tengu warriors (D:13)
  8 two-headed ogres
  5 death yaks (Lair:6)
  A deep troll shaman (Lair:6)
  4 orc high priests (Orc:2)
  13 naga sharpshooters
  2 thrashing horrors (Abyss:2)
  Urug (D:11)
  8 shock serpents
  3 salamander mystics
  5 skeletal warriors (D:12)
  2 sun demons (Abyss:2)
  A wretched star (Abyss:2)
  An unseen horror (D:11)
  4 sea snakes (Snake:3)
  4 naga ritualists
  A wizard (D:15)
  2 lindwurms (Volcano)
  A wolf spider zombie (D:10)
  4 orc knights (Orc:2)
  7 ugly things
  4 cyclopes
  2 deep elf magi
  9 mana vipers
  5 orc sorcerers
  3 manticores
  11 salamanders
  3 large abominations (Abyss:2)
  28 black mambas
  Psyche (D:9)
  Joseph (D:9)
  Maurice (D:11)
  10 elephants
  3 molten gargoyles (Volcano)
  2 guardian serpents
  7 naga magi
  A torpor snail (Lair:5)
  A gargoyle (D:12)
  7 spiny frogs
  3 efreet (Volcano)
  4 kobold demonologists
  2 rime drakes (Lair:6)
  9 komodo dragons
  2 ancient zymes (Abyss:2)
  2 tengu conjurers (D:15)
  3 trolls (Orc:2)
  4 red devils (D:15)
  7 polar bears
  3 meliai (D:14)
  A harpy skeleton (D:15)
  The ghost of CLM the Skirmisher, an amateur DsFi of Qazlal (D:5)
  The ghost of Feta the Shield-Bearer, an amateur FoFi (D:7)
  8 blink frogs
  3 hornets
  11 hippogriffs
  3 shadows
  A spriggan (D:7)
  A ynoxinul (Abyss:2)
  5 wyverns
  6 starcursed masses (Abyss:2)
  4 basilisks
  7 wraiths
  42 yaks
  A human (shapeshifter) (Abyss:2)
  The ghost of grindst0ne the Skirmisher, an amateur FoFi (D:4)
  4 fire elementals (Volcano)
  Grum (D:9)
  4 small abominations (Abyss:2)
  51 nagas
  4 wargs
  An acid dragon (D:14)
  Edmund (D:6)
  12 water moccasins
  2 hell hounds (Lair:2)
  13 porcupines
  Duvessa (D:6)
  39 orc warriors
  2 ice beasts
  A sky beast (D:10)
  An ice dragon simulacrum (Abyss:2)
  2 phantoms
  A necrophage (D:9)
  An eye of draining (D:12)
  4 black bears
  16 wolves
  12 ogres
  11 centaurs
  9 crocodiles
  8 big kobolds
  21 bullfrogs
  A gnoll sergeant (D:6)
  3 earth elementals (Volcano)
  Dowan (D:6)
  A water moccasin skeleton (D:5)
  8 scorpions
  A wyvern skeleton (D:14)
  7 killer bees
  12 wights
  3 electric eels
  4 howler monkeys
  7 crimson imps
  2 quasits
  5 hounds
  5 jellies
  26 orc priests
  3 centaur skeletons
  22 orc wizards
  An iron imp (Abyss:2)
  A bullfrog skeleton (D:11)
  A bullfrog zombie (D:6)
  6 iguanas
  6 worker ants
  A hound zombie (D:7)
  A worker ant zombie (D:5)
  15 adders
  11 gnolls
  2 shadow imps
  2 oozes
  An adder zombie (D:6)
  An adder skeleton (D:7)
  2 worms (D:3)
  2 dart slugs (D:1)
  2 leopard geckos
  109 orcs
  6 giant cockroaches
  7 goblins
  6 hobgoblins
  20 jackals
  4 quokkas
  2 ball pythons
  A ball python skeleton (D:5)
  5 bats
  9 frilled lizards
  A jackal skeleton (D:5)
  39 kobolds
  A leopard gecko skeleton (D:3)
  10 rats
  A butterfly (Lair:1)
  A fire vortex (Volcano)
  2 fungi (Lair:6)
  A plant (Lair:6)
977 creatures vanquished.

Vanquished Creatures (collateral kills)
  Vashnia (Snake:4)
  A nagaraja (Snake:4)
  4 naga warriors
  An anaconda (Snake:4)
  2 naga sharpshooters
  A salamander mystic (Snake:4)
  A mana viper (Snake:4)
  4 salamanders (Snake:2)
  2 naga magi (Snake:4)
  4 black mambas
  2 guardian serpents
  6 nagas
29 creatures vanquished.

Vanquished Creatures (others)
  A chaos spawn (Abyss:2)
  A fire vortex (Volcano)
  11 fungi
  27 plants
  2 starspawn tentacles (D:15)
42 creatures vanquished.

Grand Total: 1048 creatures vanquished

Notes
Turn   | Place    | Note
-------+----------+-------------------------------------------
     0 | D:1      | grindst0ne the Formicid Fighter began the quest for the Orb.
     0 | D:1      | Reached XP level 1. HP: 18/18 MP: 1/1
    89 | D:1      | Reached XP level 2. HP: 20/24 MP: 2/2
   269 | D:1      | Reached XP level 3. HP: 30/30 MP: 3/3
   551 | D:2      | Reached skill level 3 in Axes
   609 | D:2      | Reached XP level 4. HP: 37/37 MP: 4/4
   901 | D:2      | Reached XP level 5. HP: 20/43 MP: 5/5
  1265 | D:3      | Reached skill level 5 in Fighting
  1269 | D:3      | Reached skill level 4 in Axes
  1390 | D:3      | Reached XP level 6. HP: 44/51 MP: 6/6
  2218 | D:4      | Noticed a phantom
  2260 | D:3      | Killed a phantom
  2260 | D:3      | Reached skill level 5 in Axes
  2289 | D:4      | Reached XP level 7. HP: 45/58 MP: 7/7
  2351 | D:4      | Found a shimmering altar of Xom.
  2352 | D:4      | Found a sparkling altar of Nemelex Xobeh.
  2608 | D:4      | Noticed grindst0ne's ghost (amateur FoFi)
  2656 | D:4      | Killed grindst0ne's ghost
  2665 | D:4      | Reached skill level 6 in Axes
  2665 | D:4      | Reached XP level 8. HP: 34/67 MP: 8/8
  3020 | D:5      | Entered Level 5 of the Dungeon
  3172 | D:5      | Noticed CLM's ghost (amateur DsFi)
  3178 | D:5      | Reached skill level 5 in Shields
  3189 | D:5      | Killed CLM's ghost
  3194 | D:5      | Reached skill level 7 in Axes
  3194 | D:5      | Reached XP level 9. HP: 38/74 MP: 9/9
  3386 | D:5      | Found a stormy altar of Qazlal.
  3658 | D:5      | Found a shimmering altar of Xom.
  3683 | D:6      | Noticed Dowan
  3685 | D:6      | Noticed Duvessa
  3695 | D:6      | Killed Duvessa
  3730 | D:6      | Killed Dowan
  5103 | D:6      | Noticed Edmund
  5121 | D:6      | Killed Edmund
  5317 | D:7      | Found a blossoming altar of Fedhas.
  5341 | D:7      | Noticed Feta's ghost (amateur FoFi)
  5356 | D:7      | Reached skill level 8 in Axes
  5364 | D:7      | Killed Feta's ghost
  5364 | D:7      | Reached XP level 10. HP: 80/83 MP: 10/10
  5469 | D:7      | Reached skill level 1 in Evocations
  5636 | D:7      | Found a shattered altar of Ashenzari.
  5787 | D:7      | Found a staircase to the Ecumenical Temple.
  5796 | Temple   | Entered the Ecumenical Temple
  5949 | Temple   | Became a worshipper of the Shining One
  6135 | D:8      | Found a deep blue altar of Sif Muna.
  6151 | D:8      | Noticed a cyan ugly thing
  6166 | D:8      | Killed a cyan ugly thing
  6166 | D:8      | Reached skill level 10 in Shields
  6474 | D:8      | Found a runed door.
  6490 | D:8      | Noticed a manticore
  6511 | D:8      | Killed a manticore
  7016 | D:8      | Found a staircase to the Lair.
  7368 | D:8      | Reached skill level 10 in Fighting
  7609 | D:9      | Reached * piety under the Shining One
  7636 | D:9      | Noticed Psyche
  7646 | D:9      | Killed Psyche
  7646 | D:9      | Reached skill level 9 in Axes
  7646 | D:9      | Reached XP level 11. HP: 79/90 MP: 12/14
  7777 | D:9      | Found Sehos's Weapon Boutique.
  7800 | D:9      | Noticed Joseph
  7805 | D:9      | Killed Joseph
  7807 | D:9      | Noticed Grum
  7815 | D:9      | Killed Grum
  8030 | D:9      | Noticed Erica
  8035 | D:9      | Killed Erica
  8035 | D:9      | Reached skill level 5 in Evocations
  8369 | D:10     | Entered Level 10 of the Dungeon
  8382 | D:10     | Found a white marble altar of Elyvilon.
  8643 | D:10     | Reached ** piety under the Shining One
  9489 | Lair:1   | Entered Level 1 of the Lair of Beasts
  9791 | Lair:1   | Reached XP level 12. HP: 49/100 MP: 16/16
  9902 | Lair:1   | Reached skill level 10 in Axes
 10596 | Lair:2   | Found a dark tunnel.
 10613 | Volcano  | Entered a volcano
 11235 | Volcano  | HP: 4/100 [lindwurm (3)]
 11773 | Volcano  | Reached *** piety under the Shining One
 12108 | Lair:2   | Found a staircase to the Snake Pit.
 12565 | Lair:2   | Reached XP level 13. HP: 103/108 MP: 17/17
 12573 | Lair:2   | Reached skill level 11 in Axes
 12699 | Lair:2   | Reached skill level 15 in Shields
 13595 | Lair:3   | Noticed Gastronok
 13609 | Lair:3   | Killed Gastronok
 14111 | Lair:3   | Reached skill level 12 in Axes
 14112 | Lair:3   | Found a staircase to the Shoals.
 14438 | Lair:4   | Noticed a seven-headed hydra
 14444 | Lair:4   | Killed a four-headed hydra
 15115 | Lair:4   | Noticed a catoblepas
 15133 | Lair:4   | Killed a catoblepas
 15504 | Lair:4   | Reached skill level 1 in Invocations
 15968 | Lair:5   | Noticed Kirke
 15984 | Lair:5   | Killed Kirke
 15984 | Lair:5   | Reached XP level 14. HP: 107/119 MP: 18/18
 16099 | Lair:5   | Noticed Josephine
 16099 | Lair:5   | Reached **** piety under the Shining One
 16114 | Lair:5   | Killed Josephine
 16319 | Lair:5   | Reached skill level 5 in Armour
 16429 | Lair:5   | Reached skill level 13 in Axes
 16910 | Lair:6   | Entered Level 6 of the Lair of Beasts
 17352 | Lair:6   | Reached skill level 5 in Invocations
 18405 | Lair:6   | Found the +7 great mace "Undeadhunter" {disrupt, rN+}
 18856 | Lair:6   | Found a staircase to the Slime Pits.
 19311 | D:11     | Noticed Urug
 19322 | D:11     | Killed Urug
 19601 | D:11     | Noticed Maurice
 19609 | D:11     | Killed Maurice
 19626 | D:11     | Noticed an angel
 19681 | D:11     | Reached XP level 15. HP: 126/126 MP: 20/20
 19825 | D:11     | Reached ***** piety under the Shining One
 19856 | D:11     | Found a staircase to the Orcish Mines.
 19951 | D:11     | Found a white marble altar of Elyvilon.
 19951 | D:11     | Found Pius Yss's Hallowed Reliquary.
 19960 | D:11     | Bought a potion of heal wounds for 75 gold pieces
 19960 | D:11     | Bought a potion of curing for 45 gold pieces
 19960 | D:11     | Bought a potion of curing for 45 gold pieces
 19960 | D:11     | Bought a potion of heal wounds for 75 gold pieces
 19960 | D:11     | Bought a potion of heal wounds for 75 gold pieces
 19960 | D:11     | Bought a potion of heal wounds for 75 gold pieces
 20239 | D:12     | Reached skill level 14 in Axes
 22049 | D:13     | Noticed Rupert
 22060 | D:13     | Killed Rupert
 22659 | D:14     | Reached skill level 10 in Invocations
 22904 | D:14     | Found a gate to the Vaults.
 22958 | D:14     | Reached skill level 10 in Armour
 23532 | D:15     | Entered Level 15 of the Dungeon
 23695 | D:15     | Noticed Louise
 23696 | D:15     | Cast into level 2 of the Abyss (Louise)
 23751 | Abyss:2  | Reached ****** piety under the Shining One
 23784 | Abyss:2  | Noticed an Executioner
 23799 | Abyss:2  | Killed an Executioner
 23799 | Abyss:2  | Reached XP level 16. HP: 28/133 MP: 22/24
 23802 | Abyss:2  | Reached skill level 15 in Axes
 23903 | Abyss:2  | HP: 1/133 [balrug/demon whip of flaming (8)]
 24103 | Abyss:2  | Noticed a tentacled starspawn
 24124 | D:15     | Escaped the Abyss
 24125 | D:15     | HP: 2/133 [tentacled starspawn (23)]
 24127 | D:15     | Killed a tentacled starspawn
 24158 | D:15     | Killed Louise
 24484 | D:15     | Noticed ItsShiny's ghost (journeyman MiBe)
 24508 | D:15     | Killed ItsShiny's ghost
 25372 | D:15     | Found Sewiu's Distillery.
 25376 | D:15     | Bought a potion of curing for 48 gold pieces
 25376 | D:15     | Bought 2 potions of mutation for 256 gold pieces
 25376 | D:15     | Bought a potion of heal wounds for 80 gold pieces
 25376 | D:15     | Bought a potion of heal wounds for 80 gold pieces
 25376 | D:15     | Bought a potion of heal wounds for 80 gold pieces
 25376 | D:15     | Bought a potion of heal wounds for 80 gold pieces
 25376 | D:15     | Bought 2 potions of curing for 96 gold pieces
 25376 | D:15     | Bought a potion of mutation for 128 gold pieces
 25376 | D:15     | Bought a potion of curing for 48 gold pieces
 25376 | D:15     | Bought a potion of heal wounds for 80 gold pieces
 25580 | D:15     | Noticed Frances
 25589 | D:15     | Killed Frances
 25931 | D:15     | Found a staircase to the Depths.
 26309 | Orc:1    | Entered Level 1 of the Orcish Mines
 26400 | Orc:1    | Found a roughly hewn altar of Beogh.
 26888 | Orc:2    | Entered Level 2 of the Orcish Mines
 27406 | Orc:2    | Found a staircase to the Elven Halls.
 27564 | Orc:2    | Found Ixiat's General Store.
 27594 | Orc:2    | Bought a potion of curing for 39 gold pieces
 27594 | Orc:2    | Bought a potion of might for 52 gold pieces
 27594 | Orc:2    | Bought a scroll of enchant armour for 97 gold pieces
 27781 | Orc:2    | Found Relav's Antique Armour Shoppe.
 27814 | Orc:2    | Found a roughly hewn altar of Beogh.
 27831 | Orc:2    | Reached XP level 17. HP: 122/139 MP: 26/26
 28098 | Orc:2    | Reached skill level 16 in Axes
 28118 | Orc:2    | Found a roughly hewn altar of Beogh.
 28221 | Orc:2    | Found Wetzahoff's Assorted Antiques.
 28229 | Orc:2    | Bought a scroll labeled CIGOECW MOYGOF for 23 gold pieces
 28237 | Orc:2    | Found Geisuw Pogu's Magic Scroll Shoppe.
 28248 | Orc:2    | Bought a scroll of immolation for 52 gold pieces
 28308 | Orc:2    | Bought a shiny plate armour for 598 gold pieces
 28565 | Orc:2    | Bought a scroll of fear for 80 gold pieces
 28565 | Orc:2    | Bought a scroll of fog for 46 gold pieces
 28565 | Orc:2    | Bought a slimy scale mail for 207 gold pieces
 28576 | Orc:2    | Identified the +5 scale mail "Gucem" {+Inv +Fly rF-} (You bought it in a shop on level 2 of the Orcish Mines)
 28801 | Snake:1  | Entered Level 1 of the Snake Pit
 29403 | Snake:1  | Noticed Aizul
 29418 | Snake:1  | Killed Aizul
 31047 | Snake:2  | Reached skill level 1 in Dodging
 31720 | Snake:2  | Found a radiant altar of Vehumet.
 32498 | Snake:3  | Reached XP level 18. HP: 59/146 MP: 28/28
 33189 | Snake:3  | Reached skill level 17 in Axes
 33957 | Snake:3  | Reached skill level 5 in Dodging
 34314 | Snake:4  | Entered Level 4 of the Snake Pit
 35225 | Snake:4  | Noticed Vashnia
 35265 | Snake:4  | Killed Vashnia
 35292 | Snake:4  | HP: 7/146 [poisoned by a naga ritualist (toxic radiance)]
 35298 | Snake:3  | HP: 7/146 [poisoned by a naga ritualist (toxic radiance)]
 35305 | Snake:3  | HP: 7/146 [poisoned by a naga ritualist (toxic radiance)]
 35783 | Snake:4  | Reached skill level 15 in Armour
 35798 | Snake:3  | HP: 9/219 [poisoned by a naga ritualist (splash of poison)]
 35799 | Snake:3  | Gained mutation: You have a beak for a mouth. [potion of mutation]
 35799 | Snake:3  | Gained mutation: You possess an exceptional clarity of mind. [potion of mutation]
 35799 | Snake:3  | Gained mutation: Armour fits poorly on your strangely shaped body. [potion of mutation]
 35799 | Snake:3  | Gained mutation: You are agile. (Dex +2) [potion of mutation]
 35800 | Snake:3  | Lost mutation: You possess an exceptional clarity of mind. [potion of mutation]
 35800 | Snake:3  | Lost mutation: Armour fits poorly on your strangely shaped body. [potion of mutation]
 35800 | Snake:3  | Gained mutation: Your system is resistant to poisons. (rPois) [potion of mutation]
 35800 | Snake:3  | Gained mutation: Potions are less effective at restoring your health. [potion of mutation]
 35800 | Snake:3  | Gained mutation: Your magical capacity is low. (-10% MP) [potion of mutation]
 35800 | Snake:3  | Gained mutation: You evolve. [potion of mutation]
 35801 | Snake:3  | Lost mutation: Your system is resistant to poisons. (rPois) [potion of mutation]
 35801 | Snake:3  | Lost mutation: You are agile. (Dex +2) [potion of mutation]
 35801 | Snake:3  | Gained mutation: Your magical capacity is very low. (-20% MP) [potion of mutation]
 35801 | Snake:3  | Gained mutation: Your muscles are strong. (Str +2) [potion of mutation]
 35802 | Snake:3  | Lost mutation: Potions are less effective at restoring your health. [potion of mutation]
 35802 | Snake:3  | Lost mutation: You evolve. [potion of mutation]
 35802 | Snake:3  | Lost mutation: Your magical capacity is very low. (-20% MP) [potion of mutation]
 35802 | Snake:3  | Gained mutation: You have a somewhat thin skeletal structure. (Dex +2, Stealth) [potion of mutation]
 35802 | Snake:3  | Gained mutation: Your muscles are very strong. (Str +4) [potion of mutation]
 35802 | Snake:3  | HP: 4/219 [poisoned by a naga ritualist (splash of poison)]
 35803 | Snake:3  | Lost mutation: Your muscles are very strong. (Str +4) [potion of mutation]
 35803 | Snake:3  | Lost mutation: Your muscles are strong. (Str +2) [potion of mutation]
 35803 | Snake:3  | Gained mutation: Your system is resistant to poisons. (rPois) [potion of mutation]
 35804 | Snake:3  | Lost mutation: You have a somewhat thin skeletal structure. (Dex +2, Stealth) [potion of mutation]
 35804 | Snake:3  | Lost mutation: Your magical capacity is low. (-10% MP) [potion of mutation]
 35804 | Snake:3  | Gained mutation: Your muscles are strong. (Str +2) [potion of mutation]
 35804 | Snake:3  | Gained mutation: You are partially covered in thin metallic scales. (AC +2) [potion of mutation]
 35804 | Snake:3  | Gained mutation: You are somewhat resistant to further mutation. [potion of mutation]
 35804 | Snake:3  | Gained mutation: Your muscles are very strong. (Str +4) [potion of mutation]
 35806 | Snake:3  | The Shining One protects you from harm!
 35807 | Snake:3  | HP: 1/219 [poisoned by a naga ritualist (splash of poison)]
 35809 | Snake:3  | Succumbed to a naga ritualist's splash of poison

Skill      XL: |  1  2  3  4  5  6  7  8  9 10 11 12 13 14 15 16 17 18 |
---------------+-------------------------------------------------------+-----
Fighting       | 4 5 6 7 8 9 10 11 12 13 14 | 14.0
Axes           | 3 4 5 6 7 8 9 10 12 13 14 15 16 17 | 17.6
Shields        | 6 9 11 12 14 15 | 15.0
Evocations     | 4 6 |  6.0
Invocations    | 2 7 10 12 13 | 13.7
Armour         | 4 7 10 12 13 15 | 15.0
Dodging        | 3 6 |  6.7

Action                   |  1- 3 |  4- 6 |  7- 9 | 10-12 | 13-15 | 16-18 || total
-------------------------+-------+-------+-------+-------+-------+-------++-------
Melee: War axe           |    83 |   231 |   417 |   168 |       |       ||   899
       Battleaxe         |       |       |       |   405 |   757 |       ||  1162
       Executioner's axe |       |       |       |       |   111 |   874 ||   985
Invok: Divine Shield     |       |       |       |       |       |     8 ||     8
       Cleansing Flame   |       |       |       |       |       |    23 ||    23
       Summon Divine War |       |       |       |       |       |     5 ||     5
 Abil: Dig               |       |       |     1 |    16 |    24 |    21 ||    62
Evoke: Wand              |       |       |     3 |    19 |    20 |    17 ||    59
       Lamp of fire      |       |       |       |       |       |     1 ||     1
       Sack of spiders   |       |       |       |       |       |     2 ||     2
  Use: Potion            |       |     1 |     1 |    14 |     7 |    35 ||    58
       Scroll            |       |       |       |    19 |    12 |     5 ||    36
  Eat: Chunk             |       |     5 |    23 |    29 |    43 |    34 ||   134
       Ration            |       |       |       |       |       |     2 ||     2
Armor: Scale mail        |    50 |   100 |       |       |       |       ||   150
       Chain mail        |       |    10 |    22 |       |       |       ||    32
       Plate armour      |       |       |   170 |   252 |   461 |   431 ||  1314
Dodge: Dodged            |    28 |    85 |    67 |   122 |   193 |   170 ||   665
Block: Shield            |    45 |   132 |   221 |   350 |   637 |    41 ||  1426
       Large shield      |       |       |       |       |       |   967 ||   967
